[Event "December 19 Late 2023"]
[Site "https://www.chess.com"]
[Date "2023.12.19"]
[Round "4"]
[White "Makaraci, Tunahan"]
[Black "Kucza, Karol"]
[Result "1/2-1/2"]
[Board "58"]
[TimeControl "180+1"]
[WhiteFideId "6356559"]
[BlackFideId "1159755"]
[WhiteElo "2112"]
[BlackElo "2307"]
[WhiteTeam "TUR"]
[BlackTeam "POL"]
[WhiteClock "0:00:14"]
[BlackClock "0:01:01"]

1. e4 e5 2. Nc3 Nf6 3. f4 d5 4. fxe5 Nxe4 5. Qf3 Nc6 6. Bb5 Be6 7. Nge2 Bc5 8. d4 Bb4 9. O-O Bxc3 10. Nxc3 Nxc3 11. Qxc3 Qd7 12. Bxc6 Qxc6 13. Qxc6+ bxc6 14. b3 O-O 15. Ba3 Rfe8 16. Bc5 a6 17. Kf2 Bg4 18. h3 Bf5 19. Rac1 Re6 20. g4 Be4 21. Kg3 Rae8 22. c3 f6 23. exf6 Rxf6 24. Rxf6 gxf6 25. Re1 Kg7 26. Kf4 Kg6 27. h4 h5 28. Rg1 hxg4 29. Rxg4+ Kf7 30. h5 Bb1 31. h6 Re4+ 32. Kg3 Rxg4+ 33. Kxg4 Bxa2 34. b4 Bb1 35. Kf4 Kg6 36. Bf8 Kf7 37. Bc5 Bc2 38. Kg4 Kg6 39. Bf8 Bd3 40. Kf4 Bc2 41. Kg4 c5 42. dxc5 c6 43. Kf4 Bd3 44. Kg4 Bb1 45. Kf4 Bc2 46. Kg4 Kf7 47. Bd6 Ke6 48. Kf4 Bb1 49. Kg4 Kf7 50. Kf4 Kg6 51. Bf8 Kh7 52. Bg7 Kg6 53. Bf8 1/2-1/2

[Event "December 19 Late 2023"]
[Site "https://www.chess.com"]
[Date "2023.12.19"]
[Round "4"]
[White "Solon, Nathan"]
[Black "Perea Fruet, Lorenzo"]
[Result "1-0"]
[Board "59"]
[TimeControl "180+1"]
[WhiteFideId "2017229"]
[BlackFideId "24595870"]
[WhiteElo "2660"]
[BlackElo "2268"]
[WhiteTeam "USA"]
[BlackTeam "ESP"]
[WhiteClock "0:00:26"]
[BlackClock "0:00:00"]

1. d4 b6 2. e4 Bb7 3. Bd3 e6 4. Nf3 Nf6 5. Qe2 d5 6. e5 Ne4 7. O-O c5 8. c3 a5 9. Nbd2 Nxd2 10. Bxd2 Ba6 11. c4 Nc6 12. Rac1 dxc4 13. Bxc4 Bxc4 14. Qxc4 Qd5 15. Qa4 Be7 16. dxc5 Bxc5 17. Be3 O-O 18. Rfd1 Bxe3 19. Rxd5 Bxc1 20. Rd1 Nxe5 21. Nxe5 Bxb2 22. Nd7 Rfd8 23. Nxb6 Rxd1+ 24. Qxd1 Rb8 25. Nc4 Bc3 26. g3 h6 27. Qd7 g6 28. Nd6 Rf8 29. a4 Bb4 30. Nc4 Kg7 31. h4 h5 32. Kg2 Kg8 33. Qa7 Rc8 34. Ne5 Rf8 35. Nc6 Bc3 36. Nxa5 Rc8 37. Qb7 Rd8 38. Nc6 Rd2 39. a5 Ra2 40. a6 Bd4 41. Nxd4 1-0

[Event "December 19 Late 2023"]
[Site "https://www.chess.com"]
[Date "2023.12.19"]
[Round "4"]
[White "Cervantes Landeiro, Thalia"]
[Black "Manukyan, Sargis A."]
[Result "0-1"]
[Board "60"]
[TimeControl "180+1"]
[WhiteFideId "3520498"]
[BlackFideId "13303970"]
[WhiteElo "2189"]
[BlackElo "2186"]
[WhiteTeam "USA"]
[BlackTeam "ARM"]
[WhiteClock "0:00:00"]
[BlackClock "0:01:24"]

1. d4 d5 2. c4 e6 3. Nc3 Nf6 4. cxd5 Nxd5 5. e4 Nxc3 6. bxc3 c5 7. Nf3 cxd4 8. cxd4 Bb4+ 9. Bd2 Bxd2+ 10. Qxd2 O-O 11. Bc4 b6 12. O-O Nd7 13. Rfe1 Bb7 14. Bb3 Rc8 15. Rad1 h6 16. d5 exd5 17. exd5 Nc5 18. d6 Nxb3 19. axb3 Bxf3 20. gxf3 Qf6 21. d7 Rcd8 22. Re3 Qg6+ 23. Kh1 Kh7 24. Qd5 f5 25. Re7 Qf6 26. Re6 Qg5 27. Qe5 Rf7 28. Rg1 Qh5 29. Reg6 Rdxd7 30. Qc3 Qxg6 31. Rxg6 Kxg6 32. Qc6+ Kh7 33. Kg2 Rde7 34. Qd5 Rf6 35. Qd8 Rg6+ 36. Kf1 Rge6 37. f4 Re1+ 38. Kg2 R7e6 39. Qd7 a5 40. Qb7 Rg6+ 41. Kf3 Rc1 42. Qd7 Rc3+ 43. Ke2 Rf6 44. Qd5 Rc5 45. Qd3 b5 46. Kf3 Rfc6 47. Kg2 a4 48. bxa4 bxa4 49. Qa3 Rc4 50. Qf8 Rxf4 51. Qa8 Rg4+ 52. Kf3 Rc3+ 53. Ke2 a3 54. Kd2 Rh3 55. Qc8 Rd4+ 56. Kc2 Rf4 0-1

[Event "December 19 Late 2023"]
[Site "https://www.chess.com"]
[Date "2023.12.19"]
[Round "4"]
[White "Taboas Rodriguez, Daniel"]
[Black "mightysmasher"]
[Result "0-1"]
[Board "61"]
[TimeControl "180+1"]
[WhiteFideId "2208466"]
[WhiteElo "2365"]
[BlackElo "2500"]
[WhiteTeam "ESP"]
[WhiteClock "0:00:00"]
[BlackClock "0:00:07"]

1. d4 d5 2. Nf3 Nf6 3. c4 e6 4. Nc3 Be7 5. Bg5 O-O 6. e3 b6 7. Bd3 Bb7 8. O-O Nbd7 9. Qe2 c5 10. Rad1 cxd4 11. Nxd4 h6 12. Bh4 Nc5 13. Bc2 Nfe4 14. Nxe4 Bxh4 15. cxd5 Nxe4 16. Bxe4 exd5 17. Nf5 Bf6 18. Qb5 a6 19. Qb3 Be5 20. Bxd5 Bxd5 21. Rxd5 Qf6 22. e4 b5 23. Rfd1 Rae8 24. R1d2 Bf4 25. R2d4 Be5 26. Rd2 Bf4 27. Re2 g6 28. Ng3 Rc8 29. Qd1 Be5 30. b3 Bf4 31. Qf1 Rc1 32. Re1 Rfc8 33. Rdd1 R1c2 34. Re2 Rc1 35. Rxc1 Rxc1 36. Re1 Rc2 37. a4 bxa4 38. bxa4 Qc6 39. Qd3 Qc5 40. Rf1 Be5 41. Qxa6 Bd4 42. Nh1 Rc1 43. Qe2 Rc2 44. Qe1 Bc3 45. Qd1 Bd4 46. h4 h5 47. Qf3 Kg7 0-1

[Event "December 19 Late 2023"]
[Site "https://www.chess.com"]
[Date "2023.12.19"]
[Round "4"]
[White "Novikova, Galina"]
[Black "Sturt, Raven"]
[Result "0-1"]
[Board "62"]
[TimeControl "180+1"]
[WhiteFideId "4157095"]
[BlackFideId "2007304"]
[WhiteElo "1972"]
[BlackElo "2408"]
[WhiteTeam "RUS"]
[BlackTeam "USA"]
[WhiteClock "0:00:52"]
[BlackClock "0:01:10"]

1. e4 e5 2. Nf3 Nc6 3. d4 exd4 4. Nxd4 Nf6 5. Bb5 Nxd4 6. Qxd4 c6 7. Bd3 d5 8. e5 Nd7 9. O-O Bc5 10. Qg4 O-O 11. Bh6 g6 12. Bxf8 Nxe5 13. Qg3 Nxd3 14. Bxc5 Nxc5 15. Nd2 Bf5 16. Qc3 Ne6 17. Nf3 Be4 18. Rfe1 Qb6 19. Rad1 c5 20. Nd2 d4 21. Qb3 Qxb3 22. cxb3 Bd5 23. Nc4 Rd8 24. Rc1 Nf4 25. Re7 Kf8 26. Rc7 Ne2+ 27. Kf1 Nxc1 28. Rxc5 Nd3 29. Rc7 Re8 0-1

[Event "December 19 Late 2023"]
[Site "https://www.chess.com"]
[Date "2023.12.19"]
[Round "4"]
[White "User234564"]
[Black "Yashmetov, Mikhail"]
[Result "1-0"]
[Board "63"]
[TimeControl "180+1"]
[BlackFideId "24198900"]
[WhiteElo "2648"]
[BlackElo "2220"]
[BlackTeam "RUS"]
[WhiteClock "0:00:54"]
[BlackClock "0:00:02"]

1. d4 Nf6 2. c4 e6 3. g3 d5 4. Bg2 Be7 5. Nf3 O-O 6. Nc3 dxc4 7. Ne5 Nc6 8. Bxc6 bxc6 9. Nxc6 Qe8 10. Nxe7+ Qxe7 11. Qa4 c5 12. dxc5 Qxc5 13. Be3 Qc7 14. f3 Nd5 15. Bd4 Bd7 16. Qa3 Bc6 17. Kf2 e5 18. Nxd5 Bxd5 19. Qc5 Qxc5 20. Bxc5 Rfb8 21. Rhd1 Be6 22. Rd2 Rb5 23. Bd6 f6 24. Rc1 Rd8 25. g4 Kf7 26. h4 h6 27. Rcc2 Rd7 28. Ba3 Rbb7 29. Ke3 Bd5 30. Rc1 Ke6 31. Rg1 Rbc7 32. Rc1 Rc6 33. Bb4 Rb7 34. Bc3 Rb5 35. Rg1 Ra6 36. a3 Rc6 37. Kf2 Rb7 38. g5 hxg5 39. hxg5 f5 40. Rh1 Rd7 41. Rh8 e4 42. g6 f4 43. fxe4 Bxe4 44. Re8+ Re7 45. Rf8 Bxg6 46. Rxf4 Rf7 47. Kg3 Rxf4 48. Kxf4 Rc5 49. e4 Rh5 50. e5 Bd3 51. Rg2 Rf5+ 52. Ke3 g5 53. Rh2 Rf1 54. Rh6+ Kd5 55. Rd6+ Kc5 56. Bb4+ Kb5 57. e6 g4 58. e7 a5 59. e8=Q# 1-0

[Event "December 19 Late 2023"]
[Site "https://www.chess.com"]
[Date "2023.12.19"]
[Round "4"]
[White "Janaszak, Dawid"]
[Black "Dubessay, Bastien"]
[Result "1-0"]
[Board "64"]
[TimeControl "180+1"]
[WhiteFideId "1119206"]
[BlackFideId "650048"]
[WhiteElo "2218"]
[BlackElo "2279"]
[WhiteTeam "POL"]
[BlackTeam "FRA"]
[WhiteClock "0:00:26"]
[BlackClock "0:00:05"]

1. e4 e6 2. b3 d5 3. Bb2 dxe4 4. Nc3 Nf6 5. Qe2 Be7 6. Nxe4 Nxe4 7. Qxe4 Bf6 8. d4 O-O 9. Bd3 g6 10. Nf3 Qd5 11. Qf4 Nd7 12. h4 c5 13. c4 Qc6 14. h5 cxd4 15. hxg6 fxg6 16. Qh6 Rf7 17. Bxd4 Bxd4 18. Nxd4 Qxg2 19. O-O-O Ne5 20. Bc2 Bd7 21. Rdg1 Qxf2 22. Bxg6 Qf4+ 23. Qxf4 Rxf4 24. Bc2+ Rg4 25. Rxg4+ Nxg4 26. Rxh7 Nf6 27. Rh6 Kg7 28. Rg6+ Kf7 29. Nf3 Rf8 30. c5 Ke7 31. Ne5 Be8 32. Rg7+ Kd8 33. Rxb7 Nd5 34. c6 Ne7 35. Be4 Kc8 36. Rxe7 Rf1+ 37. Kd2 Bxc6 38. Bxc6 Rf2+ 39. Ke3 Rxa2 40. Bb7+ Kd8 41. Nc6# 1-0

[Event "December 19 Late 2023"]
[Site "https://www.chess.com"]
[Date "2023.12.19"]
[Round "4"]
[White "Kovacsy, Barnabas"]
[Black "Bjelobrk, Igor"]
[Result "0-1"]
[Board "65"]
[TimeControl "180+1"]
[WhiteFideId "769290"]
[BlackFideId "4300726"]
[WhiteElo "2130"]
[BlackElo "2319"]
[WhiteTeam "HUN"]
[BlackTeam "AUS"]
[WhiteClock "0:00:09"]
[BlackClock "0:00:13"]

1. e4 e6 2. d4 d5 3. Nc3 Bb4 4. e5 b6 5. a3 Bf8 6. f4 Ne7 7. Nf3 h5 8. Bd3 Ba6 9. Be3 Qd7 10. Bxa6 Nxa6 11. Qd3 Nb8 12. O-O Nbc6 13. b3 O-O-O 14. Ne2 Kb8 15. c4 Na5 16. Rab1 Nf5 17. Rfd1 Bxa3 18. c5 Bb4 19. Bd2 Bxd2 20. Qxd2 Qb5 21. Ne1 bxc5 22. Nc3 Qb4 23. Nc2 Qb7 24. dxc5 d4 25. Na4 Nc6 26. b4 d3 27. Ne3 Ncd4 28. Nxf5 exf5 29. Qxd3 h4 30. h3 Rh6 31. b5 Qd5 32. Nc3 Qxc5 33. Qe3 Rg6 34. Kf2 Rg3 35. Na4 Qd5 36. Rg1 Rxe3 37. Kxe3 Qe4+ 38. Kf2 Qxf4+ 39. Ke1 Nc2+ 40. Ke2 Rd2# 0-1

[Event "December 19 Late 2023"]
[Site "https://www.chess.com"]
[Date "2023.12.19"]
[Round "4"]
[White "Chaika, Vitalii"]
[Black "Kazmaier, Daniel"]
[Result "0-1"]
[Board "66"]
[TimeControl "180+1"]
[WhiteFideId "14111802"]
[BlackFideId "2606089"]
[WhiteElo "2010"]
[BlackElo "2459"]
[WhiteTeam "UKR"]
[BlackTeam "CAN"]
[WhiteClock "0:00:00"]
[BlackClock "0:00:28"]

1. d4 f5 2. h3 d6 3. g4 Nf6 4. gxf5 Bxf5 5. f3 Nc6 6. e4 Bg6 7. Nc3 e5 8. Nge2 Nh5 9. h4 Be7 10. Be3 Bxh4+ 11. Kd2 Bg5 12. Rg1 Bxe3+ 13. Kxe3 O-O 14. Bh3 exd4+ 15. Nxd4 Qf6 16. Ne6 Nf4 17. Nd5 Nxd5+ 18. exd5 Qe5+ 19. Kf2 Qh2+ 20. Bg2 Ne5 21. Qe2 Rxf3+ 22. Qxf3 Nxf3 23. Rh1 Qe5 24. Bxf3 Qxb2 25. Rab1 Qxc2+ 26. Kg3 Qxb1 27. Rxb1 Bxb1 28. Nxc7 Rd8 29. Ne6 Rd7 30. Kf4 Bxa2 31. Ke3 Re7 32. Kd4 Rxe6 0-1

[Event "December 19 Late 2023"]
[Site "https://www.chess.com"]
[Date "2023.12.19"]
[Round "4"]
[White "Chor, Kevin"]
[Black "Federzoni, Enzo"]
[Result "1-0"]
[Board "67"]
[TimeControl "180+1"]
[WhiteFideId "2090740"]
[BlackFideId "2173301"]
[WhiteElo "2638"]
[BlackElo "2053"]
[WhiteTeam "USA"]
[BlackTeam "BRA"]
[WhiteClock "0:00:50"]
[BlackClock "0:01:06"]

1. e4 e5 2. Nf3 Nc6 3. Bb5 a6 4. Ba4 Nf6 5. O-O d6 6. c3 g6 7. d4 Bd7 8. Re1 Bg7 9. Nbd2 O-O 10. Nf1 exd4 11. cxd4 b5 12. Bc2 Bg4 13. Be3 Nh5 14. Qd2 Qf6 15. Bg5 Qe6 16. d5 Qe8 17. dxc6 Bxf3 18. gxf3 Qxc6 19. Bb3 Rae8 20. Ng3 Nf6 21. Rac1 Qd7 22. e5 dxe5 23. Qxd7 Nxd7 24. Rxc7 Nb6 25. Ne4 Rc8 26. Rxc8 Rxc8 27. Nd6 Rc7 28. Rc1 Rxc1+ 29. Bxc1 1-0

[Event "December 19 Late 2023"]
[Site "https://www.chess.com"]
[Date "2023.12.19"]
[Round "4"]
[White "Lopusiewicz, Piotr"]
[Black "Mokshanov, Alexey"]
[Result "0-1"]
[Board "68"]
[TimeControl "180+1"]
[WhiteFideId "1116029"]
[BlackFideId "24121657"]
[WhiteElo "2286"]
[BlackElo "2278"]
[WhiteTeam "POL"]
[BlackTeam "RUS"]
[WhiteClock "0:00:02"]
[BlackClock "0:00:06"]

1. d4 d5 2. c4 e6 3. Nf3 Nf6 4. Nc3 c6 5. g3 dxc4 6. Ne5 b5 7. Bg2 Nd5 8. O-O Bb7 9. a4 a6 10. Ne4 Nd7 11. Nxf7 Kxf7 12. Ng5+ Ke8 13. e4 N5f6 14. Nxe6 Qe7 15. Nc7+ Kd8 16. Nxa8 Bxa8 17. e5 Nd5 18. Bxd5 cxd5 19. axb5 Nb6 20. Rxa6 Kc7 21. Qg4 Bb7 22. Bg5 Qd7 23. e6 Qxb5 24. Bf4+ Kc6 25. Ra7 Nc8 26. e7 Bxe7 27. Qe6+ Bd6 28. Rfa1 Rd8 29. R7a5 Qxb2 30. Qxd5+ Kc7 31. Qxc4+ Kb8 32. R5a2 Qb6 33. Bg5 Re8 34. d5 h6 35. Be3 Rxe3 36. fxe3 Qxe3+ 37. Kf1 Qf3+ 38. Ke1 Nb6 39. Qe2 Qc3+ 40. Qd2 Qc4 41. Qe2 Bb4+ 42. Kf1 Qxd5 43. Qe8+ Nc8 44. Re1 Qh1+ 45. Ke2 Qxe1+ 46. Kd3 Qxe8 0-1

[Event "December 19 Late 2023"]
[Site "https://www.chess.com"]
[Date "2023.12.19"]
[Round "4"]
[White "Atanejhad, Sahebali"]
[Black "Karttunen, Mika"]
[Result "0-1"]
[Board "69"]
[TimeControl "180+1"]
[WhiteFideId "12506664"]
[BlackFideId "502081"]
[WhiteElo "1957"]
[BlackElo "2396"]
[WhiteTeam "IRI"]
[BlackTeam "FIN"]
[WhiteClock "0:01:25"]
[BlackClock "0:01:11"]

1. d4 Nf6 2. c4 g6 3. Nc3 Bg7 4. e4 d6 5. Be2 O-O 6. Nf3 e5 7. O-O Nc6 8. d5 Ne7 9. Ne1 Nd7 10. Be3 f5 11. f3 f4 12. Bf2 g5 13. Rc1 Ng6 14. c5 Nxc5 15. b4 Na6 16. Nd3 h5 17. b5 Nb8 18. a4 Nd7 19. a5 b6 20. Nb4 Nc5 21. Nc6 Qd7 22. Bxc5 bxc5 23. Kh1 g4 24. Rb1 Nh4 25. b6 axb6 26. axb6 cxb6 27. Rxb6 g3 28. Nb5 Nxg2 29. Rg1 Ne3 30. Qd2 g2+ 31. Rxg2 Nxg2 32. Kxg2 Qh3+ 33. Kh1 Ra1+ 0-1

[Event "December 19 Late 2023"]
[Site "https://www.chess.com"]
[Date "2023.12.19"]
[Round "4"]
[White "Saveliev, Alexei"]
[Black "Nunez V, Gustavo Eduardo"]
[Result "1/2-1/2"]
[Board "70"]
[TimeControl "180+1"]
[WhiteFideId "24128546"]
[BlackFideId "4403690"]
[WhiteElo "2257"]
[BlackElo "2167"]
[WhiteTeam "RUS"]
[BlackTeam "COL"]
[WhiteClock "0:00:01"]
[BlackClock "0:00:04"]

1. c4 Nf6 2. Nc3 g6 3. e4 e5 4. Nf3 Qe7 5. Be2 c5 6. O-O Nc6 7. d3 d6 8. Bg5 Bg7 9. Nd5 Qd8 10. Qd2 Be6 11. Rab1 a5 12. b3 Bxd5 13. cxd5 Ne7 14. Ne1 h6 15. Be3 g5 16. Nc2 b5 17. a4 b4 18. f3 O-O 19. Bf2 Nh7 20. g4 Ng6 21. Ne3 Nf6 22. Bg3 h5 23. gxh5 Nxh5 24. Kh1 f5 25. Nxf5 Rxf5 26. exf5 Ngf4 27. Bxf4 Nxf4 28. d4 exd4 29. Bd3 Kf7 30. Rg1 Be5 31. Rg4 Qe7 32. Rbg1 Bf6 33. Be4 Rh8 34. R1g3 Rh5 35. Qd1 Qe5 36. Qf1 Ke7 37. Qa6 d3 38. Bxd3 Qe1+ 39. Bf1 Qf2 40. h4 Rxh4+ 41. Rxh4 Qxg3 42. Qb7+ Kf8 43. Qc8+ Kf7 44. Qd7+ Kf8 45. Qxd6+ Kf7 46. Qd7+ Kf8 47. Qc8+ Kf7 48. Rh7+ Bg7 49. Qd7+ Kf6 50. Qxg7+ Kxf5 51. Qd7+ Ke5 52. Qg4 Qf2 53. Re7+ Kd4 54. Re4+ Kc3 55. Qg1 Qxf3+ 56. Bg2 Qh5+ 57. Qh2 Qd1+ 58. Qg1 Qh5+ 59. Qh2 Qd1+ 60. Qg1 Qh5+ 1/2-1/2

[Event "December 19 Late 2023"]
[Site "https://www.chess.com"]
[Date "2023.12.19"]
[Round "4"]
[White "Ibadov, Dashgyn"]
[Black "Delorme, Axel"]
[Result "0-1"]
[Board "71"]
[TimeControl "180+1"]
[WhiteFideId "24107514"]
[BlackFideId "632023"]
[WhiteElo "2183"]
[BlackElo "2478"]
[WhiteTeam "FID"]
[BlackTeam "FRA"]
[WhiteClock "0:00:07"]
[BlackClock "0:00:17"]

1. e4 c5 2. Nf3 d6 3. d4 cxd4 4. Nxd4 Nf6 5. Nc3 a6 6. Bg5 Nbd7 7. Qe2 Qc7 8. O-O-O e6 9. f4 b5 10. a3 Bb7 11. g4 h6 12. Bxf6 Nxf6 13. Bg2 Rc8 14. h4 Qc4 15. g5 hxg5 16. hxg5 Rxh1 17. Bxh1 Qxe2 18. Ndxe2 Ng4 19. Bf3 Ne3 20. Rd3 Nc4 21. g6 fxg6 22. Bg4 Kf7 23. Nd4 Re8 24. Rg3 e5 25. fxe5 Nxe5 26. Be2 Be7 27. Nd5 Bh4 28. Rg1 Bxd5 29. exd5 g5 30. Ne6 Kg6 31. Kd2 Rc8 32. c3 Nc4+ 33. Bxc4 Rxc4 34. Rg2 Kf5 35. Nd4+ Ke4 36. b3 Rc8 37. Ne6 Kxd5 38. Nxg5 Rf8 39. Kd3 Rf2 40. Rxf2 Bxf2 41. c4+ bxc4+ 42. bxc4+ Ke5 43. Nf7+ Ke6 44. Nd8+ Kd7 45. Nf7 Bg3 46. Ke4 Be5 47. Nxe5+ dxe5 48. Kxe5 Kc6 49. Kf5 Kc5 50. Kg6 Kxc4 51. Kxg7 a5 52. Kf6 Kb3 53. Ke5 Kxa3 54. Kd4 Kb2 0-1

[Event "December 19 Late 2023"]
[Site "https://www.chess.com"]
[Date "2023.12.19"]
[Round "4"]
[White "Storn, Justin"]
[Black "Golubev, Mikhail"]
[Result "1-0"]
[Board "72"]
[TimeControl "180+1"]
[WhiteFideId "30922720"]
[BlackFideId "14100983"]
[WhiteElo "2416"]
[BlackElo "2352"]
[WhiteTeam "USA"]
[BlackTeam "UKR"]
[WhiteClock "0:00:03"]
[BlackClock "0:00:00"]

1. Nf3 d6 2. g3 g6 3. d4 Bg7 4. b3 c5 5. Bb2 Nc6 6. e3 Bg4 7. Nbd2 cxd4 8. h3 Bxf3 9. Nxf3 Qa5+ 10. Qd2 Qxd2+ 11. Nxd2 Kf8 12. exd4 Bxd4 13. O-O-O Bxb2+ 14. Kxb2 Nf6 15. Bg2 Kg7 16. Rhe1 Rhe8 17. a4 d5 18. g4 h6 19. Nb1 e6 20. c4 dxc4 21. Bxc6 bxc6 22. bxc4 Rab8+ 23. Kc3 a5 24. Na3 Rb7 25. Rb1 Reb8 26. Rxb7 Rxb7 27. Nc2 Nd7 28. Rd1 Nc5 29. Ra1 Rb3+ 30. Kd4 Nd7 31. Ne3 c5+ 32. Ke4 f5+ 33. gxf5 exf5+ 34. Kd5 Rd3+ 35. Kc6 Kf7 36. Nd5 Rd4 37. Kxd7 Rxc4 38. Kc6 Rc2 39. Kb5 Rxf2 40. Kxa5 Ke6 41. Nb6 Rb2 42. Ka6 Rb4 43. a5 f4 44. Rd1 f3 45. Kb7 1-0

[Event "December 19 Late 2023"]
[Site "https://www.chess.com"]
[Date "2023.12.19"]
[Round "4"]
[White "Melian, Juan Sebastian"]
[Black "Smith, Garrett L"]
[Result "1-0"]
[Board "73"]
[TimeControl "180+1"]
[WhiteFideId "3706575"]
[BlackFideId "2024829"]
[WhiteElo "2098"]
[BlackElo "2379"]
[WhiteTeam "PAR"]
[BlackTeam "USA"]
[WhiteClock "0:00:17"]
[BlackClock "0:00:20"]

1. e4 c5 2. Nf3 Nc6 3. c3 d5 4. exd5 Qxd5 5. Na3 Bf5 6. Nb5 O-O-O 7. Be2 Bd3 8. O-O Bxe2 9. Qxe2 Qd3 10. Re1 Qxe2 11. Rxe2 e6 12. Na3 Nf6 13. Nc4 Bd6 14. Kf1 Bc7 15. a4 Rd7 16. Ke1 h6 17. Kd1 Rhd8 18. Kc2 Rd3 19. Ne1 R3d5 20. h3 a6 21. d3 Kb8 22. Be3 b6 23. Rd2 Kb7 24. Na3 Ne5 25. Rad1 g5 26. Nc4 Nxc4 27. dxc4 Rxd2+ 28. Bxd2 Ne4 29. Be3 Rxd1 30. Kxd1 f5 31. f3 Nd6 32. b3 Kc6 33. Nd3 Nf7 34. a5 e5 35. axb6 Bxb6 36. Ke2 a5 37. Nb2 e4 38. fxe4 fxe4 39. Nd1 Kd6 40. Nf2 Ke5 41. Nd1 Nd8 42. Nb2 Ne6 43. Na4 Ba7 44. Nb2 Bb6 45. Nd1 Ba7 46. Nf2 h5 47. g3 h4 48. Ng4+ Kf5 49. Kf2 Bb8 50. gxh4 gxh4 51. Nh6+ Kg6 52. Ng8 Ng5 53. Ne7+ Kf6 54. Bxg5+ Kxg5 55. Ke3 Bf4+ 56. Kxe4 Bd2 57. Nd5 Be1 58. Ke5 Bf2 59. Ke6 Bg1 60. Ke5 Bf2 61. Ke4 Bg1 62. Ne3 Bf2 63. Ng4 Bg1 64. Kf3 Kf5 65. Kg2 1-0

[Event "December 19 Late 2023"]
[Site "https://www.chess.com"]
[Date "2023.12.19"]
[Round "4"]
[White "Principe, Gerson"]
[Black "Korol, Dimitry"]
[Result "1-0"]
[Board "74"]
[TimeControl "180+1"]
[WhiteFideId "3804550"]
[BlackFideId "14108003"]
[WhiteElo "2186"]
[BlackElo "2262"]
[WhiteTeam "PER"]
[BlackTeam "UKR"]
[WhiteClock "0:01:02"]
[BlackClock "0:00:00"]

1. d4 Nf6 2. Nf3 g6 3. e3 c5 4. Be2 Bg7 5. O-O cxd4 6. exd4 d5 7. c4 O-O 8. Nc3 Nc6 9. Be3 b6 10. Rc1 Bb7 11. Bg5 Ne4 12. Be3 Nxc3 13. Rxc3 dxc4 14. Rxc4 Rc8 15. Qd2 Qd7 16. Rfc1 Na5 17. R4c3 Rxc3 18. bxc3 Rc8 19. c4 Bxf3 20. gxf3 Rd8 21. Rd1 Qh3 22. Qe1 Nc6 23. Bf1 Qf5 24. Bd3 Qxf3 25. Be2 Qf5 26. Qc3 h5 27. Kg2 1-0

[Event "December 19 Late 2023"]
[Site "https://www.chess.com"]
[Date "2023.12.19"]
[Round "4"]
[White "Rojas Alarcon, Julian Antonio"]
[Black "Gallegos Diaz, Carlos Alberto"]
[Result "1-0"]
[Board "75"]
[TimeControl "180+1"]
[WhiteFideId "5107407"]
[BlackFideId "3900886"]
[WhiteElo "2340"]
[BlackElo "2362"]
[WhiteTeam "MEX"]
[BlackTeam "VEN"]
[WhiteClock "0:00:27"]
[BlackClock "0:00:02"]

1. c4 d6 2. g3 e5 3. Bg2 Nf6 4. Nc3 Be7 5. Nf3 O-O 6. d4 Nbd7 7. O-O c6 8. b3 e4 9. Ne1 d5 10. Nc2 Re8 11. f3 exf3 12. Bxf3 Nb6 13. Qd3 Be6 14. c5 Nbd7 15. Bf4 a5 16. a3 b6 17. b4 b5 18. a4 bxa4 19. b5 cxb5 20. Nxb5 Qc8 21. Nc7 Bh3 22. Rfb1 Nf8 23. Nxa8 Qxa8 24. Rxa4 Ne6 25. Be3 Ng4 26. Qb5 Nxe3 27. Nxe3 Ng5 28. Bxd5 Qc8 29. Qb7 Qd8 30. Qb6 Qc8 31. Bc6 Rd8 32. Nd5 Bf8 33. Qc7 Qf5 34. Raa1 Rc8 35. Qf4 Qxf4 36. Nxf4 Bf5 37. e4 Rxc6 38. exf5 Nf3+ 39. Kg2 Nxd4 40. Rb8 Rxc5 41. Rd1 g5 42. Rxd4 Rc2+ 43. Kf3 gxf4 44. Rxf4 Rc3+ 45. Kg2 h6 46. f6 Rc5 47. h4 Rg5 48. hxg5 1-0

[Event "December 19 Late 2023"]
[Site "https://www.chess.com"]
[Date "2023.12.19"]
[Round "4"]
[White "Obon Temprano, Sergi"]
[Black "Domingo Nunez, Alejandro"]
[Result "1-0"]
[Board "76"]
[TimeControl "180+1"]
[WhiteFideId "2226545"]
[BlackFideId "22245561"]
[WhiteElo "2135"]
[BlackElo "2252"]
[WhiteTeam "ESP"]
[BlackTeam "ESP"]
[WhiteClock "0:01:09"]
[BlackClock "0:00:00"]

1. d4 Nf6 2. Nf3 g6 3. c3 Bg7 4. Bg5 O-O 5. Nbd2 d6 6. e4 Nc6 7. Bc4 e5 8. dxe5 Nxe5 9. Nxe5 dxe5 10. O-O Qe7 11. Qe2 h6 12. Bxf6 Bxf6 13. Rfd1 c6 14. Nf1 b5 15. Bb3 Bb7 16. Rd2 Rfd8 17. Rad1 Bg5 18. Ne3 Kg7 19. g3 h5 20. h4 Bh6 21. a4 a6 22. axb5 axb5 23. Rxd8 Rxd8 24. Rxd8 Qxd8 25. Qd1 Qe7 26. Qd3 Bc8 27. c4 b4 28. Ba4 Qc5 29. Nc2 Be6 30. b3 Bc1 31. Kg2 Bh6 32. Qd1 f5 33. Qe1 fxe4 34. Qxb4 Qa7 35. Bxc6 Bf5 36. Qb7+ Qxb7 37. Bxb7 Kf6 38. Ne3 1-0

[Event "December 19 Late 2023"]
[Site "https://www.chess.com"]
[Date "2023.12.19"]
[Round "4"]
[White "Sivakumar, Shaaketh"]
[Black "Polster, Christian"]
[Result "1-0"]
[Board "77"]
[TimeControl "180+1"]
[WhiteFideId "30940176"]
[BlackFideId "12965081"]
[WhiteElo "2292"]
[BlackElo "2141"]
[WhiteTeam "USA"]
[BlackTeam "GER"]
[WhiteClock "0:00:24"]
[BlackClock "0:00:04"]

1. f4 d5 2. e3 Nf6 3. Nf3 Bg4 4. b3 e6 5. Bb2 c5 6. Bb5+ Nc6 7. Bxc6+ bxc6 8. O-O Rb8 9. d3 c4 10. Nbd2 cxd3 11. cxd3 Bf5 12. Ne5 Qb6 13. Qe2 Bd6 14. Rac1 c5 15. e4 c4+ 16. Qf2 Qxf2+ 17. Rxf2 dxe4 18. Nexc4 Bc5 19. Bxf6 e3 20. d4 exf2+ 21. Kxf2 Ba3 22. Nxa3 gxf6 23. Rc7 O-O 24. Rxa7 Ra8 25. Rxa8 Rxa8 26. Ndc4 Bd3 27. Nb5 Rxa2+ 28. Ke3 Bxc4 29. bxc4 Rxg2 30. c5 Kf8 31. Nc3 Ke7 32. Ne4 Rxh2 33. Nd6 Rc2 34. Nc8+ Kd7 35. Nb6+ Kc6 36. Nc8 f5 37. Nd6 Rc3+ 38. Kd2 Rf3 39. Nxf7 Rxf4 40. Ke3 Re4+ 41. Kd3 h5 42. Ng5 Re1 43. Nf3 Rf1 44. Ne5+ Kd5 45. Nc4 h4 46. Ne3+ Kc6 47. Nxf1 h3 48. Kc4 f4 49. Nh2 Kc7 50. Nf3 Kb7 51. Kb5 Kc7 52. c6 Kd6 53. Kb6 Ke7 54. c7 Kd6 55. c8=Q Kd5 56. Qc6# 1-0

[Event "December 19 Late 2023"]
[Site "https://www.chess.com"]
[Date "2023.12.19"]
[Round "4"]
[White "Silvestre, Christian"]
[Black "Ozates, Tuna"]
[Result "0-1"]
[Board "78"]
[TimeControl "180+1"]
[WhiteFideId "30956269"]
[BlackFideId "6354521"]
[WhiteElo "2269"]
[BlackElo "2151"]
[WhiteTeam "USA"]
[BlackTeam "TUR"]
[WhiteClock "0:01:04"]
[BlackClock "0:02:06"]

1. Nf3 b6 2. b3 Bb7 3. Bb2 Nf6 4. e3 e6 5. c4 c5 6. Nc3 Be7 7. Be2 O-O 8. O-O d5 9. cxd5 Nxd5 10. d4 cxd4 11. Nxd4 Nc6 12. Nxd5 exd5 13. Bf3 Nxd4 14. Qxd4 Bf6 15. Qd2 Bxb2 16. Qxb2 Rc8 17. Rad1 Qg5 18. Rd4 Rc5 19. Rg4 Qh6 20. Qd4 Rfc8 21. Bd1 Rc1 22. Qe5 Ba6 23. Re1 Be2 24. Qxd5 Bxg4 0-1

[Event "December 19 Late 2023"]
[Site "https://www.chess.com"]
[Date "2023.12.19"]
[Round "4"]
[White "Hajiyev, Kanan"]
[Black "Schut, Han"]
[Result "1-0"]
[Board "79"]
[TimeControl "180+1"]
[WhiteFideId "13404148"]
[BlackFideId "1005561"]
[WhiteElo "2102"]
[BlackElo "2024"]
[WhiteTeam "AZE"]
[BlackTeam "NED"]
[WhiteClock "0:00:44"]
[BlackClock "0:00:00"]

1. d4 Nf6 2. Nf3 g6 3. c4 Bg7 4. g3 O-O 5. Bg2 d5 6. O-O dxc4 7. Na3 c3 8. bxc3 c5 9. Nc4 Nc6 10. Bb2 Be6 11. Nfe5 Nxe5 12. Nxe5 cxd4 13. cxd4 Bd5 14. f3 Qb6 15. Ba3 Rfe8 16. e4 Be6 17. Bc5 Qc7 18. Rc1 b6 19. Ba3 Qb7 20. Qe2 Nd7 21. f4 Nxe5 22. dxe5 Rac8 23. f5 Rxc1 24. Bxc1 Bd7 25. e6 fxe6 26. fxg6 hxg6 27. Qg4 Kh7 28. Qh4+ Kg8 29. Qg5 Kh7 30. Rf4 Qc7 31. Rh4+ Kg8 32. Be3 Qc3 33. h3 Rf8 34. Kh2 Qe1 35. Bf4 e5 36. Bxe5 Rf2 37. Rf4 1-0